 Dungeon Crawl Stone Soup version 0.29.1-1-gd02db6906a (webtiles) character file.

Game seed: 14131653258128614154

4662 pacmanke6689 the Carver (level 10, -19/59 (61) HPs)
             Began as a Tengu Fighter on Sept 27, 2022.
             Was an Initiate of Okawaru.
             Demolished by Gastronok (30 damage)
             ... on level 8 of the Dungeon.
             The game lasted 00:20:47 (7183 turns).

pacmanke6689 the Carver (Tengu Fighter)             Turns: 7183, Time: 00:20:48

HP:   -19/59 (61)   AC:  9    Str: 19    XL:     10   Next: 43%
MP:   13/13         EV: 11    Int: 11    God:    Okawaru [......]
Gold: 312           SH:  9    Dex: 12    Spells: 11/12 levels left

rFire   + . .      SeeInvis .   i - +9 falchion "Cemow" {drain, rElec rN+ Int+3 Dex-4}
rCold   . . .      Faith    .   v - +0 kite shield
rNeg    + . .      Spirit   .   m - +0 scale mail {Will+}
rPois   .          Reflect  .   c - +0 hat
rElec   +          Harm     .   l - +0 cloak {rCorr}
rCorr   +          Rampage  .   (no gloves)
Will    +....                   (boots unavailable)
Stlth   +.........              (no amulet)
HPRegen 0.99/turn               (no ring)
MPRegen 0.13/turn               (no ring)

@: flying quickly and evasively, slowed, lightly drained, invisible, very slow
A: beak, talons 3, nimble flight, fire resistance 1, regeneration 1
a: Renounce Religion


You were on level 8 of the Dungeon.
You worshipped Okawaru.
Okawaru was noncommittal.
You visited 2 branches of the dungeon, and saw 9 of its levels.

You collected 660 gold pieces.
You spent 348 gold pieces at shops.

Inventory:

Hand Weapons
 a - a +0 long sword
 i - the +9 falchion "Cemow" (weapon) {drain, rElec rN+ Int+3 Dex-4}
   (You found it on level 3 of the Dungeon)

   A truly terrible weapon, it drains the life of any living foe it strikes.
   Int:       It affects your intelligence (+3).
   Dex:       It affects your dexterity (-4).
   rElec:     It insulates you from electricity.
   rN:        It protects you from negative energy.
Armour
 c - a +0 hat (worn)
 l - a +0 cloak of preservation (worn)
 m - a +0 scale mail of willpower (worn)
 v - a +0 kite shield (worn)
Jewellery
 o - a ring of poison resistance
 s - an amulet of faith
Wands
 d - a wand of polymorph (9)
 t - a wand of flame (35)
 u - a wand of mindburst (17)
Scrolls
 e - 2 scrolls of fog
 g - 3 scrolls of teleportation
 p - 2 scrolls of identify
 q - a scroll of fear
Potions
 h - 2 potions of attraction
 j - 4 potions of brilliance
 k - 2 potions of flight


   Skills:
 + Level 6.4 Fighting
 + Level 10.0 Long Blades
 + Level 8.2 Armour
 + Level 3.6 Dodging
 + Level 2.9 Stealth
 + Level 6.5 Shields
 + Level 1.6 Spellcasting
 + Level 1.5 Hexes


You had 11 spell levels left.
You knew the following spells:

 Your Spells              Type           Power      Damage    Failure   Level
a - Slow                  Hex            16%        N/A       73%         1

Your spell library contained the following spells:

 Spells                   Type           Power      Damage    Failure   Level
 Static Discharge         Conj/Air       0%         3-3/arc   97%         2
 Confusing Touch          Hex            4%         N/A       97%         3
 Vampiric Draining        Necr           0%         2d6       99%         3
 Dispel Undead            Necr           0%         3d6       100%        4
 Passage of Golubria      Tloc           0%         N/A       100%        4
 Sticky Flame             Conj/Fire      0%         2d3       100%        4
 Yara's Violent Unravell  Hex/Tmut       1%         3d3       100%        5
 Tukima's Dance           Hex            Unusable   N/A       N/A         3

Dungeon Overview and Level Annotations

Branches:
Dungeon (8/15)             Temple (1/1) D:7
   Lair: D:8-11

Altars:
Ashenzari
Cheibriados
Dithmenos
Elyvilon
Fedhas
Gozag
Kikubaaqudgha
Makhleb
Nemelex Xobeh
Okawaru
Qazlal
Ru
Sif Muna
Trog
Uskayaw
Vehumet
Xom
Yredelemnul
The Shining One

Shops:
D:2 ([**   D:7 **([[

Annotations:
D:8 Gastronok


Innate Abilities, Weirdness & Mutations

You have a beak for a mouth.
You have claws for feet.
Your magical nature lets you fly swiftly and evasively.
Your flesh is heat resistant. (rF+)
Your natural rate of healing is unusually fast.


Message History

You block the centaur's attack. x2
You feel better. The centaur hits you.
The centaur kicks you but does no damage.
You block the wight's attack.
You slash the centaur! Your kick misses the centaur.
You peck the centaur, but do no damage.
The centaur is heavily wounded.
The centaur hits you. You block the centaur's attack.
Gastronok waves his eye-stalks in wide circles.
You hit the centaur. You drain the centaur. Your kick misses the centaur.
The centaur is severely wounded.
The centaur hits you but does no damage.
The centaur closely misses you. x2
The centaur kicks you but does no damage.
You slash the centaur!
You kill the centaur!
Okawaru accepts your kill.
You feel better. The wight misses you.
You hit Gastronok. You peck Gastronok.
Gastronok is lightly wounded.
Gastronok looks at you while chanting.
You feel yourself slow down.
You slash Gastronok! You claw Gastronok.
Gastronok is lightly wounded.
The wight hits you with a +3 great sword!
You block the wight's attack.
The wight hits you from afar with a +3 halberd of freezing.
You partially resist.
You feel drained.
* * * LOW HITPOINT WARNING * * *
The wight freezes you.
* * * LOW HITPOINT WARNING * * *
You slash the wight! You claw the wight. You peck the wight.
The wight is severely damaged.
The wight hits you with a +3 great sword.
* * * LOW HITPOINT WARNING * * *
You partially resist.
You feel drained.
* * * LOW HITPOINT WARNING * * *
Gastronok bites you!!
Ouch! That really hurt!
You die...

##########
#........#
#.......>#
##########.(......#
.....[.w@zz.......#
......####..<.....#
..................#
.... .####z.......#
... #........# ..
#.......[# .
##########


You could see Gastronok and 2 wights.

Vanquished Creatures
  Pikel (D:6)
  Grinder (D:3)
  A hornet (D:6)
  Prince Ribbit (D:7)
  Sigmund (D:4)
  2 steam dragons
  Menkaure (D:4)
  4 water moccasins
  Edmund (D:4)
  2 sky beasts
  2 ice beasts
  An orc warrior (D:7)
  4 black bears
  An ogre (D:7)
  3 lemures (D:6)
  A centaur (D:8)
  A kobold brigand (D:7)
  4 bullfrogs (D:7)
  5 scorpions
  A necrophage (D:5)
  A wight (D:8)
  3 electric eels (D:6)
  2 howler monkeys (D:7)
  2 hounds
  3 gnoll boudas
  Ijyb (D:3)
  Natasha (twice) (D:2)
  4 iguanas
  12 gnolls
  8 adders
  An ufetubus (D:5)
  2 dart slugs
  2 worms
  16 orcs
  4 endoplasms
  5 giant cockroaches
  4 goblins
  5 hobgoblins
  4 jackals (D:1)
  4 kobolds
  4 quokkas
  5 ball pythons
  6 bats
  2 frilled lizards (D:3)
  6 rats
146 creatures vanquished.

Vanquished Creatures (others)
  A wight (D:8)
  7 plants
8 creatures vanquished.

Grand Total: 154 creatures vanquished

Notes
Turn   | Place    | Note
-------+----------+-------------------------------------------
     0 | D:1      | pacmanke6689 the Tengu Fighter began the quest for the Orb.
     0 | D:1      | Reached XP level 1. HP: 14/14 MP: 2/2
    76 | D:1      | Reached XP level 2. HP: 19/19 MP: 3/3
   854 | D:2      | Reached XP level 3. HP: 11/23 MP: 4/4
  1176 | D:2      | Found Fygunir's Assorted Antiques.
  1191 | D:2      | Found Ruer's General Store.
  1261 | D:2      | Found Kepurph's Antique Armour Emporium.
  1434 | D:2      | Found a faded altar of an unknown god.
  1517 | D:2      | Noticed Natasha
  1528 | D:2      | Killed Natasha
  1529 | D:2      | Reached XP level 4. HP: 6/28 MP: 5/5
  1773 | D:2      | Found Qiquir's Antique Weapon Boutique.
  1779 | D:2      | Noticed Natasha
  1794 | D:2      | Killed Natasha
  1795 | D:2      | Reached skill level 3 in Long Blades
  2038 | D:3      | Gained mutation: Your magical nature lets you fly swiftly
                  | and evasively. [Tengu growth]
  2038 | D:3      | Reached XP level 5. HP: 17/32 MP: 6/6
  2280 | D:3      | You are sucked into a shaft and drop 3 floors!
  2288 | D:5      | Entered Level 5 of the Dungeon
  2370 | D:5      | Reached skill level 4 in Long Blades
  2370 | D:5      | Reached XP level 6. HP: 32/38 MP: 7/7
  2461 | D:5      | Noticed a water moccasin
  2468 | D:5      | Killed a water moccasin
  2469 | D:5      | Reached skill level 1 in Dodging
  2665 | D:5      | Reached skill level 5 in Long Blades
  2824 | D:5      | Reached XP level 7. HP: 43/43 MP: 8/8
  2853 | D:5      | Reached skill level 5 in Armour
  2973 | D:3      | Noticed Grinder
  2980 | D:3      | Paralysed by Grinder for 3 turns
  3016 | D:3      | Killed Grinder
  3017 | D:3      | Reached skill level 6 in Long Blades
  3017 | D:3      | Reached skill level 1 in Stealth
  3347 | D:3      | Identified the +9 falchion "Cemow" {drain, rElec rN+ Int+3
                  | Dex-4}
  3565 | D:3      | Noticed Ijyb
  3571 | D:3      | Killed Ijyb
  3803 | D:3      | Found a blossoming altar of Fedhas.
  3821 | D:3      | Reached XP level 8. HP: 48/48 MP: 9/9
  3877 | D:3      | You are sucked into a shaft and drop 1 floor!
  4023 | D:4      | Noticed Menkaure
  4030 | D:4      | Killed Menkaure
  4047 | D:4      | Noticed Edmund
  4054 | D:4      | Killed Edmund
  4120 | D:4      | Noticed Sigmund
  4126 | D:4      | Killed Sigmund
  4127 | D:4      | Reached skill level 7 in Long Blades
  4208 | D:4      | Found a snail-covered altar of Cheibriados.
  4496 | D:5      | Reached skill level 5 in Fighting
  4548 | D:5      | Reached skill level 5 in Shields
  5253 | D:6      | Reached XP level 9. HP: 53/54 MP: 10/10
  5272 | D:6      | Reached skill level 8 in Long Blades
  5541 | D:6      | Noticed Pikel
  5552 | D:6      | Killed Pikel
  5678 | D:6      | Gained mutation: Your natural rate of healing is unusually
                  | fast. [potion of mutation]
  5690 | D:7      | Found Orpheezu's Antique Weapon Shop.
  5690 | D:7      | Found Acinuxt's Assorted Antiques.
  5690 | D:7      | Found Wuanifa's Armour Shoppe.
  5709 | D:6      | Noticed a hornet
  5718 | D:6      | Killed a hornet
  5719 | D:6      | Reached skill level 9 in Long Blades
  6065 | D:7      | Bought a +0 cloak of preservation for 138 gold pieces
  6149 | D:7      | Noticed Prince Ribbit
  6160 | D:7      | Killed Prince Ribbit
  6161 | D:7      | Reached XP level 10. HP: 60/60 MP: 11/11
  6163 | D:7      | Learned a level 1 spell: Slow
  6171 | D:7      | Found Fyelygaz's General Store.
  6242 | D:7      | Gained mutation: Your flesh is heat resistant. (rF+)
                  | [mutagenic glow]
  6391 | D:7      | Reached skill level 1 in Spellcasting
  6420 | D:7      | Reached skill level 1 in Hexes
  6496 | D:7      | Reached skill level 10 in Long Blades
  6603 | D:7      | Found Talurchon's Armour Shoppe.
  6710 | D:7      | Found a staircase to the Ecumenical Temple.
  6779 | Temple   | Entered the Ecumenical Temple
  6795 | Temple   | Became a worshipper of Warmaster Okawaru
  7139 | D:7      | Bought a shiny scale mail for 210 gold pieces
  7167 | D:8      | Noticed Gastronok
  7183 | D:8      | Demolished by Gastronok

Illustrated notes

Levels and vault maps discovered:
D:1:      roderic_crossed_star, layout_basic
D:2:      layout_loops_ring, serial_shops, shop_fountains,
          nicolae_shop_advertising_works [nicolae_subvault_shop_adworks],
          nicolae_shop_statue_plus, nicolae_lakefront_shop,
          ebering_ecumenical_altar_hall, uniq_natasha
D:3:      layout_basic, fedhas_ov_isle_minmay, grunt_decor_arrowhead,
          st_stairs_12, uniq_ijyb, uniq_grinder
D:4:      layout_rooms, mainiacjoe_overflow_concentric_impassable,
          uniq_menkaure, uniq_sigmund, uniq_edmund
D:5:      layout_rooms, chequers_avenue
D:6:      layout_gridville, serial_bayou_lake_a, uniq_pikel
D:7:      minmay_polygon_palace, layout_rooms, minmay_temple_entry_tees,
          serial_shops, nicolae_stop_n_shop_2, shop, shop, shop, shop,
          uniq_prince_ribbit1
D:8:      layout_rooms, kennysheep_kite_vault, uniq_joseph, uniq_gastronok
Temple:   sentei_temple_godly_chess

Skill      XL: |  1  2  3  4  5  6  7  8  9 10 |
---------------+-------------------------------+-----
Armour         | 4 5 6 7 8 |  8.2
Long Blades    | 3 4 5 6 7 9 10 | 10.0
Fighting       | 4 5 6 |  6.4
Dodging        | 1 2 3 |  3.6
Shields        | 4 5 6 |  6.5
Stealth        | 1 2 |  2.9
Spellcasting   | 1 |  1.6
Hexes          | 1 |  1.5

Action                   |  1- 3 |  4- 6 |  7- 9 | 10-12 || total
-------------------------+-------+-------+-------+-------++-------
Melee: Long sword        |    60 |    74 |    43 |       ||   177
       Kick              |    14 |    18 |    58 |    17 ||   107
       Peck              |     4 |    12 |    33 |    15 ||    64
       Falchion          |       |       |   186 |    76 ||   262
 Cast: Slow              |       |       |       |     1 ||     1
  Use: Potion            |     1 |     2 |     7 |     5 ||    15
       Scroll            |       |     8 |     6 |       ||    14
 Stab: Invisible         |       |     1 |     2 |       ||     3
Armor: Scale mail        |    23 |    25 |    66 |    33 ||   147
Dodge: Dodged            |    26 |    34 |   115 |    34 ||   209
Block: Buckler           |     6 |    25 |    15 |       ||    46
       Kite shield       |       |       |    72 |    40 ||   112
